 Dungeon Crawl Stone Soup version 0.30.1-4-g462c640d31 (webtiles) character file.

Game seed: 12357170735028808087

2675 monsoonserge the Destroyer (level 9, -5/71 HPs)
             Began as a Yellow Draconian Conjurer on Sept 18, 2023.
             Was a Follower of Vehumet.
             Slain by a raiju (8 damage)
             ... on level 3 of the Abyss.
             The game lasted 00:23:48 (8138 turns).

monsoonserge the Destroyer (DrCj)                   Turns: 8138, Time: 00:23:50

Health: -5/71      AC:  9    Str: 10    XL:     9   Next: 37%
Magic:  16/16      EV: 13    Int: 22    God:    Vehumet [*.....]
Gold:   398        SH:  5    Dex: 10    Spells: 15/18 levels left

rFire   . . .        K - +4 quarterstaff (chaos)
rCold   + . .        (shield currently unavailable)
rNeg    . . .        (body armour unavailable)
rPois   .            (helmet restricted)
rElec   .            v - +1 cloak
rCorr   +            (no gloves)
SInv    .            (no boots)
Will    .....        C - amulet of reflection
Stlth   ++           f - ring of protection from cold
HPRegen 0.31/turn    (no ring)
MPRegen 0.15/turn

%: reflection
@: short of breath, hasted, very quick
A: spit acid, AC +7, unfitting armour, cold-blooded, acid resistance
a: Breathe Acid, Renounce Religion


You were on level 3 of the Abyss.
You worshipped Vehumet.
Vehumet was aware of your devotion.
You visited 2 branches of the dungeon, and saw 8 of its levels.
You visited the Abyss 1 time.

You collected 398 gold pieces.

Inventory:

Hand Weapons
 r - a +0 rapier
 y - a +0 war axe
 D - a +0 shortbow
 G - a +0 flail
 I - a +0 trident
 K - a +4 quarterstaff of chaos (weapon)
 L - a +2 spear of freezing
Missiles
 c - 2 poisoned darts (quivered)
 o - 11 javelins
 H - 5 boomerangs
Armour
 k - a scarf of invisibility
 l - a scarf of repulsion
 v - a +1 cloak (worn)
Magical Staves
 n - a staff of earth
Jewellery
 f - a ring of protection from cold (left hand)
 C - an amulet of reflection (around neck)
Wands
 i - a wand of paralysis (24)
 u - a wand of iceblast (19)
 z - a wand of quicksilver (12)
Scrolls
 d - 2 scrolls of teleportation {unknown}
 e - 4 scrolls of magic mapping {unknown}
 g - 7 scrolls of identify {unknown}
 h - 2 scrolls of blinking {unknown}
 j - 2 scrolls of butterflies {unknown}
 m - a scroll of fear {unknown}
 p - a scroll of silence {unknown}
 t - a scroll of enchant armour {unknown}
 w - 2 scrolls of amnesia {unknown}
 x - a scroll of torment {unknown}
 B - 3 scrolls of enchant weapon {unknown}
 E - a scroll of noise {unknown}
Potions
 a - a potion of magic
 b - 3 potions of degeneration {unknown}
 q - 4 potions of haste
 s - a potion of curing {unknown}
 A - a potion of flight {unknown}
 F - a potion of invisibility {unknown}
 J - a potion of heal wounds {unknown}
 M - a potion of lignification {unknown}


   Skills:
 + Level 3.8 Fighting
 - Level 4.0 Long Blades
 - Level 1.7(1.8) Axes
 + Level 0.5(1.3) Maces & Flails
 + Level 0.3(0.6) Staves
 + Level 4.5 Dodging
 - Level 2.0 Stealth
 + Level 1.6 Shields
 + Level 0.8 Unarmed Combat
 - Level 5.0 Spellcasting
 * Level 9.4 Conjurations
 - Level 1.0 Evocations


You had 15 spell levels left.
You knew the following spells:

 Your Spells              Type           Power      Damage    Failure   Level
a - Magic Dart            Conj           100%       1d8       1%          1
b - Searing Ray           Conj           94%        2d7       1%          2

Your spell library contained the following spells:

 Spells                   Type           Power      Damage    Failure   Level
 Foxfire                  Conj/Fire      100%       2x1d9     1%          1
 Shock                    Conj/Air       100%       1d9       1%          1
 Dazzling Flash           Conj/Hex       52%        N/A       4%          3
 Slow                     Hex            20%        N/A       10%         1
 Fulminant Prism          Conj/Hex       13%        3d8       14%         4
 Iskenderun's Mystic Bla  Conj/Tloc      26%        2d7       14%         4
 Ensorcelled Hibernation  Hex/Ice        10%        N/A       16%         2
 Passwall                 Tmut/Erth      4%         N/A       16%         2
 Confusing Touch          Hex            5%         N/A       30%         3
 Swiftness                Air            5%         N/A       30%         3
 Vampiric Draining        Necr           5%         2d6       30%         3
 Vhi's Electric Charge    Tloc/Air       10%        N/A       30%         3
 Arcjolt                  Conj/Air       13%        1d23      38%         5
 Airstrike                Air            2%         2d(1-17)  69%         4
 Plasma Beam              Fire/Air       2%         2x1d14    100%        6


Dungeon Overview and Level Annotations

Branches:
Dungeon (7/15)             Temple (1/1) D:5

Altars:
Ashenzari
Cheibriados
Dithmenos
Elyvilon
Fedhas
Gozag
Hepliaklqana
Kikubaaqudgha
Makhleb
Nemelex Xobeh
Okawaru
Qazlal
Ru
Trog
Uskayaw
Vehumet
Wu Jian
Xom
Yredelemnul
Zin

Shops:
D:5 (


Innate Abilities, Weirdness & Mutations

You can spit globs of acid.
Your golden yellow scales are hard. (AC +7)
You cannot fit into any form of body armour.
You are cold-blooded and may be slowed by cold attacks.
You are resistant to acid. (rCorr)


Message History

Aim: a raiju (73% to hit)
The searing ray hits the raiju.
The raiju is severely wounded.
The searing ray hits the raiju.
The raiju is lightly wounded. (Press . to maintain the ray.)
The raiju bursts into living lightning!
The living lightning hits you!
The raiju blinks!
The searing ray hits the raiju!
The raiju is almost dead.
The searing ray hits the raiju!
The raiju is moderately wounded.
The searing ray hits the raiju.
The raiju is heavily wounded.
The searing ray hits the raiju!
You kill the raiju!
Vehumet accepts your kill.
The searing ray hits the raiju.
The raiju is heavily wounded.
The searing ray misses the raiju.
You finish channelling your searing ray.
The raiju closely misses you.
Casting: Searing Ray (safe; 1% risk of failure)
Confirm with . or Enter, or press ? or * to list all spells.
Okay, then.
Magic courses through your body.
The raiju bursts into living lightning!
The living lightning hits you!!
* * * LOW HITPOINT WARNING * * *
The raiju blinks!
You block the raiju's attack.
Casting: Searing Ray (safe; 1% risk of failure)
Confirm with . or Enter, or press ? or * to list all spells.
Okay, then.
It was a potion of haste.
You feel yourself speed up.
The raiju bursts into living lightning!
The living lightning hits you but does no damage.
The raiju blinks!
The raiju bites you.
* * * LOW HITPOINT WARNING * * *
The raiju shocks you!
You die...

.. .# ..... .. #. .
#... # ..#.######
#...†h@###+#####. .
....#.h...>.... ...
#.##..#############
#.#. ..#.# .##.# .
. #


You could see 2 raiju.

Vanquished Creatures
  Grinder (D:5)
  2 raiju (Abyss:3)
  A vampire (D:6)
  A water moccasin (D:5)
  Duvessa (D:5)
  4 orc warriors
  An ogre (D:7)
  2 centaurs (D:6)
  Blork the orc (D:5)
  2 bullfrogs
  2 scorpions
  Dowan (D:5)
  7 orc priests
  A jelly (D:3)
  A gnoll bouda (D:6)
  A hound (D:4)
  Crazy Yiuf (D:6)
  3 sleepcaps
  3 orc wizards
  Robin (D:2)
  6 gnolls
  10 adders
  3 shadow imps
  An ufetubus (D:6)
  2 worms (D:2)
  A dart slug (D:1)
  12 orcs
  5 bats
  5 endoplasms
  7 giant cockroaches
  9 hobgoblins
  3 jackals (D:3)
  2 quokkas (D:2)
  2 ball pythons
  3 frilled lizards
  11 goblins
  6 kobolds
  8 rats
133 creatures vanquished.

Notes
Turn   | Place    | Note
-------+----------+-------------------------------------------
     0 | D:1      | monsoonserge the Draconian Conjurer began the quest for the
                  | Orb.
     0 | D:1      | Reached XP level 1. HP: 14/14 MP: 3/3
   139 | D:1      | Reached XP level 2. HP: 14/20 MP: 1/5
   143 | D:1      | Learned a level 2 spell: Searing Ray
   956 | D:2      | Reached XP level 3. HP: 26/26 MP: 0/6
  1157 | D:2      | Noticed Robin
  1407 | D:2      | Reached skill level 5 in Conjurations
  1441 | D:2      | Killed Robin
  1442 | D:2      | Reached XP level 4. HP: 32/33 MP: 1/7
  2168 | D:3      | Found a glowing silver altar of Zin.
  2283 | D:3      | Found a broken altar of Ashenzari.
  2446 | D:3      | Found a transporter.
  2457 | D:3      | Found a transporter.
  2493 | D:3      | Found an ancient bone altar of Kikubaaqudgha.
  2843 | D:3      | Found a hide-covered altar of Uskayaw.
  3020 | D:3      | Reached skill level 1 in Fighting
  3020 | D:3      | Reached XP level 5. HP: 40/40 MP: 4/8
  3265 | D:3      | Reached skill level 1 in Long Blades
  3832 | D:4      | Reached skill level 6 in Conjurations
  3832 | D:4      | Reached XP level 6. HP: 41/47 MP: 5/10
  4658 | D:5      | Entered Level 5 of the Dungeon
  4805 | D:5      | Found Ekhligos's Weapon Boutique.
  4813 | D:5      | Noticed Dowan
  4818 | D:5      | Noticed Duvessa
  4820 | D:5      | Killed Dowan
  4826 | D:5      | Killed Duvessa
  4827 | D:5      | Your scales start taking on a golden yellow colour.
  4827 | D:5      | Reached XP level 7. HP: 6/53 MP: 0/11
  4827 | D:5      | Gained mutation: You are resistant to acid. (rCorr) [Yellow
                  | Draconian growth]
  5019 | D:5      | Found a staircase to the Ecumenical Temple.
  5025 | Temple   | Entered the Ecumenical Temple
  5105 | Temple   | Became a worshipper of Vehumet
  5125 | D:5      | Noticed Blork the orc
  5134 | D:5      | Killed Blork the orc
  5893 | D:5      | Noticed Grinder
  5898 | D:5      | Paralysed by Grinder for 4 turns
  5904 | D:5      | Killed Grinder
  5905 | D:5      | Reached skill level 7 in Conjurations
  6134 | D:6      | Reached XP level 8. HP: 47/62 MP: 6/13
  6142 | D:6      | Reached skill level 1 in Axes
  6275 | D:6      | Reached skill level 1 in Evocations
  6435 | D:6      | Reached skill level 8 in Conjurations
  6702 | D:6      | Found a stormy altar of Qazlal.
  6703 | D:6      | Noticed an air elemental
  7005 | D:6      | Found a runed translucent door.
  7006 | D:6      | Noticed Crazy Yiuf
  7255 | D:6      | Killed Crazy Yiuf
  7517 | D:7      | Found a sacrificial altar of Ru.
  7531 | D:7      | Reached skill level 1 in Shields
  7570 | D:7      | Reached XP level 9. HP: 66/70 MP: 9/15
  7817 | D:7      | Reached skill level 9 in Conjurations
  8080 | D:7      | Noticed a wizard
  8082 | D:7      | Noticed a deep elf pyromancer
  8085 | D:7      | Noticed an orc sorcerer
  8089 | Abyss:3  | Cast into level 3 of the Abyss (a wizard)
  8128 | Abyss:3  | Reached * piety under Vehumet
  8128 | Abyss:3  | Offered knowledge of Foxfire by Vehumet.
  8129 | Abyss:3  | Reached skill level 5 in Spellcasting
  8138 | Abyss:3  | HP: 3/71 [raiju (2)]
  8138 | Abyss:3  | Slain by a raiju

Illustrated notes

Levels and vault maps discovered:
D:1:      dpeg_arrival_arbitrary_b, layout_basic, minmay_unequal
D:2:      layout_loops_ring, minmay_misc_feat_tower, uniq_robin
D:3:      gammafunk_wand_slinger, layout_loops_corners,
          kiku_gazebo_garden_becter, lemuel_coloured_pillars_altar,
          mainiacjoe_overflow_catwalk_spiral
D:4:      layout_loops_corners
D:5:      layout_basic, minmay_temple_entry_waves, serial_shops,
          nicolae_shop_bloodbath_and_beyond, uniq_duvessa, uniq_blork_the_orc,
          uniq_grinder
D:6:      layout_loops_cross, nicolae_qazlal_style_of_elements,
          minmay_misc_feat_room, uniq_crazy_yiuf_cottage
D:7:      minmay_the_grid_plus_closed [minmay_the_grid_zigzag_pyramid,
          minmay_the_grid_tri_star, minmay_the_grid_minigrid_large,
          minmay_the_grid_all_tris, minmay_the_grid_prize_diamond_cup],
          layout_basic, nicolae_ru_sacrificial_ziggurat, nrook_loot_triangle
Temple:   nicolae_temple_great_sept
Abyss:3:  base: Temple, evilmike_abyss_exit_plants,
          onia_ninara_dug_in_and_dangerous

Skill      XL: |  1  2  3  4  5  6  7  8  9 |
---------------+----------------------------+-----
Stealth        | 2 |  2.0
Dodging        | 2 3 4 |  4.5
Conjurations   | 5 6 7 8 9 |  9.4
Fighting       | 1 2 3 |  3.8
Long Blades    | 1 2 3 4 |  4.0
Spellcasting   | 3 4 5 |  5.0
Axes           | 1 |  1.7
Evocations     | 1 |  1.0
Shields        | 1 |  1.6
Maces & Flails | |  0.5
Staves         | |  0.3
Unarmed Combat | |  0.8

Action                     |  1- 3 |  4- 6 |  7- 9 || total
---------------------------+-------+-------+-------++-------
  Melee: Unarmed           |    19 |       |       ||    19
         Dagger            |    15 |       |       ||    15
         Tailslap          |     9 |     2 |     1 ||    12
         Punch             |     2 |       |       ||     2
         Mace              |    19 |       |       ||    19
         Long sword        |       |    32 |       ||    32
         War axe           |       |       |     8 ||     8
         Quarterstaff      |       |       |     4 ||     4
  Throw: Dart              |       |       |     1 ||     1
   Cast: Magic Dart        |     9 |     3 |       ||    12
         Searing Ray       |    19 |    34 |    40 ||    93
Ability: Breathe Acid      |       |       |    14 ||    14
  Evoke: Wand              |       |     2 |       ||     2
    Use: Potion            |       |       |     2 ||     2
   Stab: Sleeping          |     2 |     3 |     1 ||     6
 Armour: Skin              |    21 |    20 |    18 ||    59
  Dodge: Dodged            |    33 |    25 |    34 ||    92
  Block: Other             |       |       |    18 ||    18
         Reflection        |       |       |     4 ||     4
